[Event "3rd BSSZ-Aranytiz IM 2019"]
[Site "Budapest"]
[Date "2019.08.16"]
[Round "1.1"]
[White "Urhegyi, Marton"]
[Black "Juhasz, Barbara"]
[Result "1/2-1/2"]
[ECO "B31"]
[WhiteElo "2256"]
[BlackElo "2157"]
[Annotator "NA"]
[PlyCount "100"]
[EventDate "2019.08.16"]
[EventType "tourn"]
[EventCountry "HUN"]
[SourceTitle "playchess.com"]
[Source "ChessBase"]
[SourceQuality "1"]
[TimeControl "40/5400+30:1800+30"]

1. e4 c5 2. Nf3 Nc6 3. Bb5 g6 4. O-O Bg7 5. h3 e5 6. Bxc6 dxc6 7. d3 Qd6 8. Be3 Nf6 9. Nbd2 Nh5 10. a4 Be6 11. Ng5 Nf4 12. Bxf4 exf4 13. Nxe6 fxe6 14. Nc4 Qe7 15. e5 O-O 16. Qf3 Rad8 17. Rfe1 Rd5 18. Re4 g5 19. g3 fxg3 20. Qxg3 Kh8 21. Rf1 b5 22. axb5 cxb5 23. Nd6 Bxe5 24. Rxe5 Qxd6 25. Rfe1 Rf6 26. Rxd5 exd5 27. Qxd6 Rxd6 28. Re8+ Kg7 29. Re7+ Kg6 30. Rxa7 d4 31. Rc7 Rd5 32. Rc6+ Kf5 33. Kg2 Kf4 34. b3 h5 35. Rf6+ Rf5 36. Rc6 h4 37. Re6 Re5 38. Rc6 Rd5 39. Rf6+ Rf5 40. Rc6 g4 41. Re6 Kg5 42. hxg4 Kxg4 43. Re4+ Rf4 44. f3+ Kg5 45. Re8 Rf5 46. Kf2 Kf6 47. Rh8 Kg5 48. Rg8+ Kh5 49. Rh8+ Kg5 50. Rg8+ Kh5 1/2-1/2

[Event "3rd BSSZ-Aranytiz IM 2019"]
[Site "Budapest"]
[Date "2019.08.16"]
[Round "1.2"]
[White "Hamblok, Roel"]
[Black "Luong, Phuong Hanh"]
[Result "1-0"]
[ECO "A05"]
[WhiteElo "2261"]
[BlackElo "2313"]
[Annotator "NA"]
[PlyCount "133"]
[EventDate "2019.08.16"]
[EventType "tourn"]
[EventCountry "HUN"]
[SourceTitle "playchess.com"]
[Source "ChessBase"]
[SourceQuality "1"]
[TimeControl "40/5400+30:1800+30"]

1. Nf3 Nf6 2. c4 g6 3. Nc3 d5 4. cxd5 Nxd5 5. e4 Nxc3 6. dxc3 Qxd1+ 7. Kxd1 Bg7 8. Bf4 c6 9. a4 Nd7 10. Kc2 Nc5 11. Nd2 Be6 12. b4 Nd7 13. Nb3 f5 14. Na5 fxe4 15. Nxb7 O-O 16. Be3 Nf6 17. Nc5 Bf7 18. Ba6 Nd5 19. Bd2 Rad8 20. Nxe4 Nb6 21. Rhe1 Bc4 22. Bxc4+ Nxc4 23. Bg5 Rd7 24. Kb3 Ne5 25. Red1 Rfd8 26. Rxd7 Rxd7 27. Nc5 Rd5 28. Bxe7 Kf7 29. Bh4 a5 30. Bg3 axb4 31. cxb4 Nd3 32. Ra3 Nxc5+ 33. bxc5 Rxc5 34. a5 Bd4 35. a6 Rb5+ 36. Kc4 Ba7 37. Rb3 Rc5+ 38. Kd3 Rd5+ 39. Ke4 Rd4+ 40. Ke5 Rd5+ 41. Ke4 Rd4+ 42. Kf3 Ke6 43. Rb7 Bc5 44. Rc7 Ra4 45. Rxc6+ Kd5 46. Rf6 Ra3+ 47. Kg4 Be7 48. Rb6 h5+ 49. Kf4 h4 50. Bxh4 Bxh4 51. g3 Be7 52. Rxg6 Bd6+ 53. Kg4 Ra2 54. a7 Bc5 55. f4 Bxa7 56. h4 Ra3 57. h5 Bf2 58. Kh3 Ke4 59. h6 Bxg3 60. Rxg3 Ra6 61. Rg5 Kxf4 62. Rg4+ Kf5 63. h7 Ra3+ 64. Rg3 Ra1 65. Kh2 Ra2+ 66. Rg2 Ra8 67. Rg8 1-0

[Event "3rd BSSZ-Aranytiz IM 2019"]
[Site "Budapest"]
[Date "2019.08.16"]
[Round "1.3"]
[White "Persanyi, Barnabas"]
[Black "Maerevoet, Sim"]
[Result "1/2-1/2"]
[ECO "A07"]
[WhiteElo "2399"]
[BlackElo "2321"]
[Annotator "NA"]
[PlyCount "43"]
[EventDate "2019.08.16"]
[EventType "tourn"]
[EventCountry "HUN"]
[SourceTitle "playchess.com"]
[Source "ChessBase"]
[SourceQuality "1"]
[TimeControl "40/5400+30:1800+30"]

1. Nf3 Nf6 2. g3 d5 3. Bg2 c6 4. O-O Bg4 5. h3 Bh5 6. d4 e6 7. c4 Nbd7 8. cxd5 exd5 9. Qb3 Qb6 10. Qe3+ Be7 11. Nh4 Bg6 12. Nc3 Nf8 13. Nxg6 hxg6 14. Na4 Qc7 15. Nc5 N6d7 16. Nxd7 Qxd7 17. Qd3 Ne6 18. Bd2 Bf6 19. Be3 Nc7 20. Bf4 Ne6 21. Be3 Nc7 22. Bf4 1/2-1/2

[Event "3rd BSSZ-Aranytiz IM 2019"]
[Site "Budapest"]
[Date "2019.08.16"]
[Round "1.4"]
[White "Farago, Sandor"]
[Black "Nemeth, Zoltan"]
[Result "1/2-1/2"]
[ECO "A05"]
[WhiteElo "2211"]
[BlackElo "2275"]
[Annotator "NA"]
[PlyCount "52"]
[EventDate "2019.08.16"]
[EventType "tourn"]
[EventCountry "HUN"]
[SourceTitle "playchess.com"]
[Source "ChessBase"]
[SourceQuality "1"]
[TimeControl "40/5400+30:1800+30"]

1. Nf3 Nf6 2. c4 c5 3. Nc3 g6 4. d4 cxd4 5. Nxd4 Bg7 6. g3 O-O 7. Bg2 Nc6 8. Nc2 d6 9. O-O a6 10. Rb1 Qa5 11. Ne3 Qh5 12. Ncd5 Nxd5 13. cxd5 Ne5 14. Bd2 Ng4 15. Nxg4 Bxg4 16. f3 Bh3 17. e4 Bxg2 18. Kxg2 f5 19. Qe2 fxe4 20. Qxe4 Qf5 21. Bc3 Qxe4 22. fxe4 Rxf1 23. Kxf1 Rc8 24. Ke2 Bxc3 25. bxc3 Rxc3 26. Rxb7 Kf7 1/2-1/2

[Event "3rd BSSZ-Aranytiz IM 2019"]
[Site "Budapest"]
[Date "2019.08.16"]
[Round "1.5"]
[White "Havanecz, Bianka"]
[Black "Martic, Zlatko"]
[Result "1-0"]
[ECO "D16"]
[WhiteElo "2281"]
[BlackElo "2284"]
[Annotator "NA"]
[PlyCount "91"]
[EventDate "2019.08.16"]
[EventType "tourn"]
[EventCountry "HUN"]
[SourceTitle "playchess.com"]
[Source "ChessBase"]
[SourceQuality "1"]
[TimeControl "40/5400+30:1800+30"]

1. d4 d5 2. c4 c6 3. Nf3 Nf6 4. Nc3 dxc4 5. a4 a5 6. e3 Bg4 7. Bxc4 Bxf3 8. Qxf3 e6 9. O-O Be7 10. Rd1 O-O 11. e4 Nbd7 12. e5 Nd5 13. Nxd5 cxd5 14. Bd3 g6 15. Bh6 Re8 16. Bb5 Bf8 17. Bf4 h6 18. Rac1 Bg7 19. h4 Re7 20. Rc3 Nb8 21. h5 g5 22. Bd2 Na6 23. Qg4 Nb4 24. f4 gxf4 25. Bxf4 Kh8 26. Rg3 Qg8 27. Rc1 f5 28. Qh4 Qf7 29. Rg6 Kh7 30. Rc3 Nc6 31. Bxc6 bxc6 32. Rxc6 Rb8 33. Qf2 Rb4 34. Qd2 Qf8 35. Rcxe6 Rxe6 36. Rxe6 Rxa4 37. Qd3 Qf7 38. Rg6 Ra1+ 39. Kh2 Qe7 40. Bg3 Qf8 41. Bh4 Qc8 42. Bf6 Bf8 43. Rg3 Re1 44. Qb5 f4 45. Rg6 f3 46. Qxd5 1-0

[Event "3rd BSSZ-Aranytiz IM 2019"]
[Site "Budapest"]
[Date "2019.08.17"]
[Round "2.1"]
[White "Juhasz, Barbara"]
[Black "Martic, Zlatko"]
[Result "0-1"]
[ECO "B49"]
[WhiteElo "2157"]
[BlackElo "2284"]
[Annotator "NA"]
[PlyCount "141"]
[EventDate "2019.08.16"]
[EventType "tourn"]
[EventCountry "HUN"]
[SourceTitle "playchess.com"]
[Source "ChessBase"]
[SourceQuality "1"]
[TimeControl "40/5400+30:1800+30"]

1. e4 c5 2. Nf3 e6 3. d4 cxd4 4. Nxd4 Nc6 5. Nc3 a6 6. Be3 Qc7 7. Be2 Nf6 8. O-O b5 9. Nxc6 dxc6 10. f4 Be7 11. a3 e5 12. Qe1 O-O 13. Qg3 Nd7 14. Kh1 Bf6 15. f5 Bb7 16. Qh3 c5 17. Rad1 Nb6 18. g4 b4 19. Nd5 Nxd5 20. exd5 h6 21. Qg2 Rfe8 22. Qe4 Rad8 23. Bc4 Rd6 24. Rg1 Red8 25. Rd3 bxa3 26. bxa3 Qb6 27. Rgd1 Qa5 28. Ba2 Rb6 29. Bd2 Qb5 30. c4 Qa4 31. Bc1 Rxd5 32. Rxd5 Qxd1+ 33. Rxd1 Bxe4+ 34. Kg1 Bf3 35. Rf1 Bxg4 36. Be3 Rb2 37. Bb1 Be2 38. Re1 Bh4 39. Rc1 Bg5 40. Bxg5 hxg5 41. Be4 g4 42. Rc3 Kf8 43. h3 gxh3 44. Rxh3 Ke7 45. Rg3 Kf6 46. Rg2 Ra2 47. Bd5 Ra1+ 48. Kh2 Bd3 49. Rb2 Rxa3 50. Rb7 Bxf5 51. Rxf7+ Kg6 52. Rc7 Ra5 53. Kg3 Ra3+ 54. Kf2 e4 55. Rxc5 e3+ 56. Kf3 Kf6 57. Rc7 g6 58. c5 Kg5 59. Re7 Bg4+ 60. Kg2 e2 61. Kf2 Ra1 62. Bg2 Rc1 63. c6 a5 64. c7 a4 65. Re5+ Kf6 66. Re4 Kf5 67. Re8 Rxc7 68. Bf3 e1=Q+ 69. Rxe1 Rc2+ 70. Kg3 Rc3 71. Rh1 0-1

[Event "3rd BSSZ-Aranytiz IM 2019"]
[Site "Budapest"]
[Date "2019.08.17"]
[Round "2.2"]
[White "Nemeth, Zoltan"]
[Black "Havanecz, Bianka"]
[Result "1/2-1/2"]
[ECO "D00"]
[WhiteElo "2275"]
[BlackElo "2281"]
[Annotator "NA"]
[PlyCount "103"]
[EventDate "2019.08.16"]
[EventType "tourn"]
[EventCountry "HUN"]
[SourceTitle "playchess.com"]
[Source "ChessBase"]
[SourceQuality "1"]
[TimeControl "40/5400+30:1800+30"]

1. d4 d5 2. g3 Nf6 3. Bg2 g6 4. c4 e6 5. Nd2 Bg7 6. b3 O-O 7. Ba3 Re8 8. Ngf3 Nbd7 9. O-O Ne4 10. Nxe4 dxe4 11. Ne1 Nf6 12. Nc2 b6 13. Qd2 Bb7 14. Rad1 Qd7 15. Ne3 Rad8 16. Qc2 Qc8 17. Bb2 Qa8 18. Bc3 a5 19. Qb2 Nd7 20. d5 Bxc3 21. Qxc3 f5 22. dxe6 Rxe6 23. Rd2 Nc5 24. Rfd1 Rxd2 25. Rxd2 Qf8 26. Qa1 Rd6 27. Rxd6 Qxd6 28. Qc3 Ne6 29. Qf6 Nd4 30. Qxd6 cxd6 31. Kf1 Kf7 32. Ke1 Ke6 33. Kd2 Bc6 34. Nc2 Nxc2 35. Kxc2 Ke5 36. e3 g5 37. Kc3 h6 38. a3 Bd7 39. b4 Ba4 40. h3 Bd1 41. Kd2 Bb3 42. Bf1 axb4 43. axb4 Ba4 44. Be2 Bd7 45. Kc3 Be8 46. h4 Bf7 47. hxg5 hxg5 48. Bd1 Be8 49. Be2 Bd7 50. Bd1 Be8 51. Be2 Bd7 52. Bd1 1/2-1/2

[Event "3rd BSSZ-Aranytiz IM 2019"]
[Site "Budapest"]
[Date "2019.08.17"]
[Round "2.3"]
[White "Maerevoet, Sim"]
[Black "Farago, Sandor"]
[Result "1/2-1/2"]
[ECO "D12"]
[WhiteElo "2321"]
[BlackElo "2211"]
[Annotator "NA"]
[PlyCount "228"]
[EventDate "2019.08.16"]
[EventType "tourn"]
[EventCountry "HUN"]
[SourceTitle "playchess.com"]
[Source "ChessBase"]
[SourceQuality "1"]
[TimeControl "40/5400+30:1800+30"]

1. d4 d5 2. c4 c6 3. Nf3 Nf6 4. e3 Bf5 5. Nc3 a6 6. Qb3 Bc8 7. Bd3 e6 8. e4 dxc4 9. Bxc4 b5 10. Be2 Nbd7 11. e5 Nd5 12. a4 N7b6 13. Bg5 Qc7 14. a5 Nd7 15. O-O h6 16. Nxd5 cxd5 17. Rfc1 Qb7 18. Rc2 hxg5 19. Nxg5 Be7 20. Qg3 Nf8 21. Rac1 Bd7 22. Rc7 Qb8 23. f4 Qd8 24. h4 g6 25. Bg4 Rc8 26. Rxc8 Bxc8 27. Qe1 Bd7 28. b4 Nh7 29. Nf3 O-O 30. h5 g5 31. g3 Kh8 32. Kh2 Rg8 33. Kh3 Qf8 34. Rc7 Bc8 35. Qc1 gxf4 36. Qxf4 Ng5+ 37. Kg2 Qd8 38. Ra7 Bd7 39. Nxg5 Bxg5 40. Qxf7 Rg7 41. Qf3 Qc8 42. Kh3 Kg8 43. h6 Rh7 44. Bh5 Qf8 45. Qxf8+ Kxf8 46. Rxa6 Rxh6 47. Kg4 Be3 48. Ra8+ Ke7 49. a6 Bc6 50. Rc8 Kd7 51. Rg8 Bxd4 52. a7 Kc7 53. a8=Q Bxa8 54. Rxa8 Bxe5 55. Be8 Bd6 56. Ra6 Bxb4 57. Bxb5 Bd2 58. Rc6+ Kd8 59. Rc2 Be3 60. Kf3 Bg5 61. Rc6 Ke7 62. Ra6 Kf6 63. Bd7 Ke5 64. Bc8 Rf6+ 65. Ke2 Bh6 66. Kd3 Bf8 67. g4 Bd6 68. Ra4 Rf3+ 69. Ke2 Rc3 70. Bd7 Rc7 71. Be8 Rg7 72. Kf3 Kf6 73. Ra6 Ke5 74. Ra4 Rg8 75. Bd7 Rd8 76. Bc6 Kf6 77. Ra7 Rc8 78. Ra6 Ke5 79. Bd7 Rf8+ 80. Kg3 d4 81. Kg2 d3 82. Ra5+ Kf6 83. Ba4 Kg6 84. Ra6 Rd8 85. Kf3 Kf6 86. Bb3 Rd7 87. Ba4 Rd8 88. Bb3 Ke5 89. Ra5+ Kd4 90. Bxe6 Bb4 91. Ra7 d2 92. Bb3 Rf8+ 93. Kg2 Kc3 94. Ba4 Bc5 95. Rc7 Kd4 96. Bd1 Re8 97. Rd7+ Kc3 98. Rc7 Kc4 99. Rf7 Re1 100. Rf1 Kd3 101. Rh1 Be3 102. Rf1 Bg5 103. Rh1 Kc3 104. Rf1 Kb2 105. Rh1 Kc1 106. Bf3 Kc2 107. Rf1 Rc1 108. Rh1 Bf4 109. Rf1 Bg3 110. g5 Rxf1 111. Kxf1 d1=Q+ 112. Bxd1+ Kxd1 113. g6 Be5 114. g7 Bxg7 1/2-1/2

[Event "3rd BSSZ-Aranytiz IM 2019"]
[Site "Budapest"]
[Date "2019.08.17"]
[Round "2.4"]
[White "Luong, Phuong Hanh"]
[Black "Persanyi, Barnabas"]
[Result "0-1"]
[ECO "A46"]
[WhiteElo "2313"]
[BlackElo "2399"]
[Annotator "NA"]
[PlyCount "146"]
[EventDate "2019.08.16"]
[EventType "tourn"]
[EventCountry "HUN"]
[SourceTitle "playchess.com"]
[Source "ChessBase"]
[SourceQuality "1"]
[TimeControl "40/5400+30:1800+30"]

1. d4 Nf6 2. Nf3 e6 3. e3 b6 4. Bd3 Bb7 5. O-O d5 6. b3 Bd6 7. Bb2 O-O 8. Ne5 c5 9. Nd2 Nc6 10. a3 Rc8 11. Qf3 Ne7 12. dxc5 bxc5 13. Qh3 Ng6 14. Bxg6 hxg6 15. Rfd1 Qe7 16. Qh4 Rfd8 17. Ndf3 Ne4 18. Qg4 Nf6 19. Qa4 a6 20. Qh4 Ne4 21. Qg4 g5 22. h4 Bxe5 23. Nxe5 d4 24. exd4 gxh4 25. dxc5 Qxc5 26. Rxd8+ Rxd8 27. Qxh4 g5 28. Qg4 Qxf2+ 29. Kh2 Rd2 30. Nf3 Rxc2 31. Bd4 f5 32. Qh3 Qxg2+ 33. Qxg2 Rxg2+ 34. Kxg2 Nd2 35. Kf2 Nxf3 36. Bc3 Bd5 37. Rd1 g4 38. Kg3 Bxb3 39. Rd8+ Kf7 40. Kf4 Bd5 41. Rd7+ Kg6 42. Rg7+ Kh5 43. Ra7 Ng1 44. Be5 Nf3 45. Bc3 Ng1 46. Be5 Nh3+ 47. Kg3 Ng5 48. Rxa6 Ne4+ 49. Kh2 Kh4 50. Ra7 g3+ 51. Kg1 Kg4 52. Rf7 Kf3 53. Rg7 f4 54. Kf1 Ke3 55. Ke1 Nf2 56. Bc7 Nd3+ 57. Kf1 g2+ 58. Kg1 f3 59. Bb6+ Ke2 60. Rc7 Nf4 61. Kh2 e5 62. Rc2+ Kd3 63. Rc1 e4 64. Re1 Bc6 65. a4 Ne2 66. Ra1 Nc3 67. Ra3 Kc4 68. a5 Nd5 69. Bf2 Kb4 70. Ra1 e3 71. Be1+ Kb3 72. a6 Nf6 73. Bh4 f2 0-1

[Event "3rd BSSZ-Aranytiz IM 2019"]
[Site "Budapest"]
[Date "2019.08.17"]
[Round "2.5"]
[White "Urhegyi, Marton"]
[Black "Hamblok, Roel"]
[Result "0-1"]
[ECO "C07"]
[WhiteElo "2256"]
[BlackElo "2261"]
[Annotator "NA"]
[PlyCount "138"]
[EventDate "2019.08.16"]
[EventType "tourn"]
[EventCountry "HUN"]
[SourceTitle "playchess.com"]
[Source "ChessBase"]
[SourceQuality "1"]
[TimeControl "40/5400+30:1800+30"]

1. e4 e6 2. d4 d5 3. Nd2 c5 4. exd5 Qxd5 5. Ngf3 cxd4 6. Bc4 Qd7 7. O-O Nc6 8. Nb3 Nf6 9. Nbxd4 Nxd4 10. Nxd4 a6 11. c3 Qc7 12. Bd3 Bd6 13. h3 h6 14. Re1 O-O 15. Qf3 Be5 16. Qe3 Bd6 17. Qf3 Be5 18. Be3 Bd7 19. Re2 Nd5 20. Rae1 Nxe3 21. Rxe3 Bf4 22. R3e2 Rad8 23. Bc2 Bg5 24. h4 Bf6 25. h5 Bxd4 26. cxd4 Bb5 27. Rd2 Rfe8 28. a4 Bc6 29. Qd3 Qf4 30. Qh7+ Kf8 31. Re3 Rd5 32. Be4 Rxh5 33. Bxc6 bxc6 34. g3 Qg4 35. Rc3 g6 36. Kg2 Rd8 37. b3 Qe4+ 38. Rf3 Rd7 39. Qh8+ Ke7 40. Qf6+ Kd6 41. Qf4+ Qxf4 42. Rxf4 Rd5 43. Rh4 h5 44. Rc2 Rb7 45. Rc3 Rb4 46. Rd3 Kc7 47. f3 a5 48. Re4 Kd6 49. f4 Kd7 50. Re5 f6 51. Rxd5+ cxd5 52. Rc3 Rxd4 53. Rc5 Rd2+ 54. Kh3 e5 55. fxe5 fxe5 56. g4 Rd3+ 57. Kg2 Kd6 58. Rxa5 Rxb3 59. Ra6+ Kc5 60. Rxg6 hxg4 61. a5 Ra3 62. Rxg4 Rxa5 63. Kf2 e4 64. Ke3 Ra3+ 65. Ke2 Kd4 66. Ke1 Kd3 67. Rg5 d4 68. Rb5 Ra1+ 69. Kf2 e3+ 0-1

[Event "3rd BSSZ-Aranytiz IM 2019"]
[Site "Budapest"]
[Date "2019.08.18"]
[Round "3.1"]
[White "Hamblok, Roel"]
[Black "Juhasz, Barbara"]
[Result "0-1"]
[ECO "A49"]
[WhiteElo "2261"]
[BlackElo "2157"]
[Annotator "NA"]
[PlyCount "72"]
[EventDate "2019.08.16"]
[EventType "tourn"]
[EventCountry "HUN"]
[SourceTitle "playchess.com"]
[Source "ChessBase"]
[SourceQuality "1"]
[TimeControl "40/5400+30:1800+30"]

1. d4 Nf6 2. Nf3 g6 3. g3 Bg7 4. Bg2 O-O 5. O-O d6 6. b3 c5 7. c4 e5 {[%emt 0:00:07] E60: King's Indian: Unusual lines and Fianchetto Variation without Nc3} 8. dxe5 dxe5 9. Bb2 e4 10. Nfd2 $146 ({Predecessor:} 10. Qxd8 Rxd8 11. Ng5 Re8 12. Nc3 h6 13. Nh3 g5 14. Nb5 Na6 15. Rad1 {½-½ (67) Meier,G (2647)-Libiszewski,F (2530) chess.com INT 2018}) 10... Qe7 11. e3 Bf5 (11... Rd8 $15) 12. Nc3 Re8 13. Nd5 Nxd5 14. Bxg7 Kxg7 15. cxd5 h5 16. Qc2 Nd7 17. Rac1 Rac8 18. Rfd1 Bg4 19. Nxe4 Bxd1 $14 20. Rxd1 b6 21. Qb2+ f6 22. Qa3 Ne5 23. f4 Ng4 24. d6 Qd7 25. Qb2 Re6 26. Qc3 Rce8 27. h3 Nh6 28. Qd3 Nf7 29. g4 hxg4 30. hxg4 Rxe4 31. Bxe4 Rxe4 32. Kf2 Re6 33. g5 fxg5 34. Qc3+ Kf8 35. Rh1 Qxd6 36. Rh7 Rf6 0-1

[Event "3rd BSSZ-Aranytiz IM 2019"]
[Site "Budapest"]
[Date "2019.08.18"]
[Round "3.2"]
[White "Persanyi, Barnabas"]
[Black "Urhegyi, Marton"]
[Result "1-0"]
[ECO "A20"]
[WhiteElo "2399"]
[BlackElo "2256"]
[Annotator "NA"]
[PlyCount "63"]
[EventDate "2019.08.16"]
[EventType "tourn"]
[EventCountry "HUN"]
[SourceTitle "playchess.com"]
[Source "ChessBase"]
[SourceQuality "1"]
[TimeControl "40/5400+30:1800+30"]

1. c4 e5 2. g3 c6 3. Bg2 d5 4. cxd5 cxd5 5. d4 e4 6. Nc3 Nf6 7. Bg5 Nbd7 8. Qb3 Bd6 9. Nh3 h6 10. Bf4 Nb6 11. a4 O-O 12. Be5 Be6 13. Nf4 g5 14. Nxe6 fxe6 $14 15. a5 Nc4 16. Nxe4 Nxe4 17. Bxe4 Nxa5 18. Bh7+ Kxh7 19. Qd3+ Rf5 20. g4 Bb4+ 21. Kf1 Qd7 22. h4 Rg8 23. gxf5 exf5 24. hxg5 Rxg5 25. Bf4 Rg6 26. Rh5 Qg7 27. Qxf5 Nb3 28. Rxa7 Nxd4 29. Rxh6+ Qxh6 30. Rxb7+ Kh8 31. Be5+ Kg8 32. Qf7# 1-0

[Event "3rd BSSZ-Aranytiz IM 2019"]
[Site "Budapest"]
[Date "2019.08.18"]
[Round "3.3"]
[White "Farago, Sandor"]
[Black "Luong, Phuong Hanh"]
[Result "1/2-1/2"]
[ECO "B43"]
[WhiteElo "2211"]
[BlackElo "2313"]
[Annotator "NA"]
[PlyCount "161"]
[EventDate "2019.08.16"]
[EventType "tourn"]
[EventCountry "HUN"]
[SourceTitle "playchess.com"]
[Source "ChessBase"]
[SourceQuality "1"]
[TimeControl "40/5400+30:1800+30"]

1. e4 c5 2. Nf3 e6 3. d4 cxd4 4. Nxd4 a6 5. Nc3 Qc7 6. Bd3 Nf6 7. O-O Bc5 8. Nb3 Be7 9. f4 ({Predecessor:} 9. Be3 b5 10. f4 {0-1 (38) Magyar,A (2245)-Bui,V (2448) Zalakaros 2008}) 9... d6 10. Be3 $146 {[%emt 0:01:09] B43: Sicilian: Kan Variation: 5 Nc3} (10. e5 dxe5 11. fxe5 Nfd7 12. Qg4 g6 13. Bf4 Nc6 14. Rae1 Ndxe5 15. Qg3 f6 16. Be4 O-O 17. Kh1 Bd7 18. Bxg6 hxg6 19. Rxe5 Nxe5 20. Bxe5 fxe5 21. Qxg6+ Kh8 22. Qh6+ Kg8 23. Qg6+ {½-½ (23) Kadric,D (2537)-Akopian,V (2655) Abu Dhabi 2018}) 10... b5 11. e5 Nfd7 12. exd6 Bxd6 13. Be4 Nc6 14. Nd4 Nxd4 15. Bxa8 Nf5 16. Bf2 Bxf4 17. g3 Be3 (17... Be5 $11) 18. Be4 Bxf2+ 19. Rxf2 Nd6 20. Qd4 O-O 21. Rd1 Nc4 22. b3 Nce5 23. Bg2 Nf6 24. Ne4 Nfg4 25. Re2 Ng6 26. Qc5 $18 Qa5 27. a4 N4e5 28. Red2 Nd7 29. Qa7 bxa4 30. Rxd7 Bxd7 31. Qxd7 axb3 32. cxb3 Qb6+ 33. Qd4 Qxb3 34. Nc5 Qa2 35. Nd7 Rc8 36. Bb7 Rc4 37. Qd6 h5 38. Ne5 Rc2 39. Nxg6 fxg6 40. Be4 Rxh2 41. Rf1 Kh7 42. Qf4 Re2 43. g4 Qa5 44. gxh5 Qc5+ 45. Rf2 Re1+ 46. Kg2 Qxh5 47. Bf3 e5 48. Bxh5 exf4 49. Be2 a5 50. Kf3 g5 51. Bd3+ Kg8 52. Kg4 Re5 53. Bg6 Kf8 54. Bf5 g6 55. Bxg6 Kg7 56. Bc2 Kf6 57. Rd2 Re3 58. Rd5 Rg3+ 59. Kh5 Rg2 60. Be4 Re2 61. Rf5+ Ke6 62. Bb1 Re5 63. Rf8 Ke7 64. Rb8 Kd6 65. Kg4 Kc5 66. Bd3 Kd4 67. Bb5 Rc5 68. Be2 Kc3 69. Ra8 Re5 70. Bf3 Kb4 71. Rb8+ Ka3 72. Rb7 a4 73. Rb8 Ka2 74. Rb7 a3 75. Rb8 Ka1 76. Rb3 Ka2 77. Rb7 Rc5 78. Rb8 Rc2 79. Kxg5 Rb2 80. Bd5+ Ka1 81. Ra8 1/2-1/2

[Event "3rd BSSZ-Aranytiz IM 2019"]
[Site "Budapest"]
[Date "2019.08.18"]
[Round "3.4"]
[White "Havanecz, Bianka"]
[Black "Maerevoet, Sim"]
[Result "0-1"]
[ECO "A40"]
[WhiteElo "2281"]
[BlackElo "2321"]
[Annotator "NA"]
[PlyCount "106"]
[EventDate "2019.08.16"]
[EventType "tourn"]
[EventCountry "HUN"]
[SourceTitle "playchess.com"]
[Source "ChessBase"]
[SourceQuality "1"]
[TimeControl "40/5400+30:1800+30"]

1. d4 Nf6 2. c4 e6 3. g3 d5 4. Nf3 dxc4 5. Qa4+ Bd7 6. Qxc4 Bc6 7. Bg2 Nbd7 8. Nc3 Bd6 {[%emt 0:04:03] E02: Open Catalan: 5 Qa4+} 9. O-O O-O 10. Rd1 Qe7 11. Qd3 e5 (11... Bxf3 12. Qxf3 c6 13. Ne4 Nxe4 14. Qxe4 Nf6 15. Qf3 Rfd8 16. Bd2 {½-½ (40) Swiercz,D (2627)-Ipatov,A (2630) Warsaw 2013}) 12. e4 Rfd8 13. d5 Nc5 14. Qe2 $146 ({Predecessor:} 14. Qc2 Bd7 15. b4 Na6 16. a3 {1-0 (68) Grabarczyk,M (2450)-Skovgaard,P (2307) Ballerup 2010}) 14... Bd7 15. Nh4 a5 16. Re1 c6 17. Nf5 Bxf5 18. exf5 Nxd5 19. Nxd5 cxd5 20. Bxd5 Bc7 21. Bc4 e4 22. Qg4 Be5 $11 23. Be3 Bxb2 24. Rab1 Bd4 25. h4 Kh8 26. Bg5 f6 27. Be3 Bxe3 28. Rxe3 Rd4 29. Bf1 Rd2 30. a3 Rad8 31. Bg2 R8d3 32. Rbe1 Rxe3 33. Rxe3 Rd4 34. Qe2 h6 35. f3 Nd3 36. Rxe4 Rxe4 37. Qxe4 Qxe4 38. fxe4 Nc5 39. Kf2 b5 40. Ke3 b4 41. axb4 axb4 42. Bf1 Kg8 43. Bc4+ Kf8 44. Kd4 Nd7 45. Be6 Ke7 46. Kc4 b3 47. Kxb3 Nc5+ 48. Kc4 Nxe4 49. Kd4 Nxg3 50. Ke3 g6 51. Kf4 Nh5+ 52. Ke4 Ng7 53. Bc8 Kd8 0-1

[Event "3rd BSSZ-Aranytiz IM 2019"]
[Site "Budapest"]
[Date "2019.08.18"]
[Round "3.5"]
[White "Martic, Zlatko"]
[Black "Nemeth, Zoltan"]
[Result "1-0"]
[ECO "C97"]
[WhiteElo "2284"]
[BlackElo "2275"]
[Annotator "NA"]
[PlyCount "83"]
[EventDate "2019.08.16"]
[EventType "tourn"]
[EventCountry "HUN"]
[SourceTitle "playchess.com"]
[Source "ChessBase"]
[SourceQuality "1"]
[TimeControl "40/5400+30:1800+30"]

1. e4 e5 2. Nf3 Nc6 3. Bb5 a6 4. Ba4 Nf6 5. O-O b5 6. Bb3 Be7 7. Re1 O-O 8. h3 d6 9. c3 Na5 10. Bc2 c5 11. d4 Qc7 12. d5 c4 13. Nbd2 h6 {[%emt 0:01:24] C97: Closed Ruy Lopez: Chigorin Defence: 11 d4 Qc7, sidelines} (13... Nb7 14. Nf1 Nc5 15. Kh1 Bd7 16. Ng3 Ne8 17. Nh2 Bh4 18. Rf1 Qd8 19. Nf3 Bxg3 20. fxg3 f5 21. Ng5 h6 22. Ne6 Bxe6 23. dxe6 fxe4 24. Rxf8+ Kxf8 {½-½ (61) Naiditsch,A (2689)-Svidler,P (2754) Khanty-Mansiysk 2009}) 14. Nf1 Nh7 $146 ({Predecessor:} 14... Nb7 15. Bd2 Nc5 16. b4 cxb3 17. axb3 a5 18. b4 Nb7 19. bxa5 Rxa5 20. Ng3 {0-1 (33) Kolb,V (1674)-Manco,M (1773) Willingen 2017}) 15. Ng3 Qd8 16. b4 cxb3 17. axb3 Nb7 18. Bd3 Bd7 19. Be3 Bh4 20. Ra2 Bxg3 21. fxg3 Qc8 22. Qd2 Nc5 23. Bc2 f5 $14 24. exf5 Bxf5 25. Bxf5 Rxf5 26. g4 Rf7 27. Qc2 e4 28. Nd4 Nd3 29. Rea1 Rb7 30. Nf5 Rd7 31. Bd4 Qb7 32. Qe2 Qxd5 33. Rxa6 Rxa6 34. Rxa6 Nf4 35. Qe3 Ng6 36. h4 Qxb3 37. Ra8+ Nhf8 38. Qxe4 Ne5 39. Bxe5 dxe5 40. Qxe5 Qd1+ 41. Kh2 Rf7 42. Rxf8+ {[%emt 0:00:25] Qd4} 1-0

[Event "3rd BSSZ-Aranytiz IM 2019"]
[Site "Budapest"]
[Date "2019.08.19"]
[Round "4.1"]
[White "Juhasz, Barbara"]
[Black "Nemeth, Zoltan"]
[Result "1-0"]
[ECO "B12"]
[WhiteElo "2157"]
[BlackElo "2275"]
[Annotator "NA"]
[PlyCount "47"]
[EventDate "2019.08.16"]
[EventType "tourn"]
[EventCountry "HUN"]
[SourceTitle "playchess.com"]
[Source "ChessBase"]
[SourceQuality "1"]
[TimeControl "40/5400+30:1800+30"]

1. e4 c6 2. d4 d5 3. Nd2 g6 4. Ngf3 Bg7 5. c3 Nh6 6. Bd3 O-O 7. O-O f6 8. Re1 Nf7 9. h4 e5 10. h5 dxe4 11. hxg6 hxg6 12. Nxe4 Bg4 13. Bc4 exd4 14. Bf4 b5 15. Bxf7+ Rxf7 16. Nd6 Rf8 17. Qb3+ Kh7 18. Nxd4 a6 19. f3 Bd7 20. Kf2 g5 21. g4 f5 22. Rh1+ Kg6 23. Ne6 Qe7 24. Rae1 1-0

[Event "3rd BSSZ-Aranytiz IM 2019"]
[Site "Budapest"]
[Date "2019.08.19"]
[Round "4.2"]
[White "Maerevoet, Sim"]
[Black "Martic, Zlatko"]
[Result "1-0"]
[ECO "E11"]
[WhiteElo "2321"]
[BlackElo "2284"]
[Annotator "NA"]
[PlyCount "79"]
[EventDate "2019.08.16"]
[EventType "tourn"]
[EventCountry "HUN"]
[SourceTitle "playchess.com"]
[Source "ChessBase"]
[SourceQuality "1"]
[TimeControl "40/5400+30:1800+30"]

1. d4 Nf6 2. c4 e6 3. Nf3 Bb4+ 4. Nbd2 O-O 5. g3 b6 6. Bg2 Bb7 7. O-O a5 8. Qa4 Re8 9. a3 Bxd2 10. Bxd2 d6 11. Rad1 Nbd7 12. Rfe1 h6 13. Nh4 Bxg2 14. Kxg2 e5 15. d5 Nc5 16. Qc2 a4 17. e4 Qd7 18. f3 Nb3 19. Be3 Kh7 20. Nf5 Ng8 21. g4 g6 22. Ng3 Ne7 23. h3 f6 24. f4 Rf8 25. f5 g5 26. Rh1 Kg7 27. h4 Rh8 28. Rh3 Rag8 29. Rdh1 Qc8 30. Qf2 Qf8 31. Kf1 Kf7 32. Qh2 gxh4 33. Rxh4 Qa8 34. Rxh6 Rxh6 35. Qxh6 Ke8 36. Nh5 Qa6 37. Nxf6+ Kf7 38. Nxg8 Qxc4+ 39. Kg1 Nxg8 40. Qe6+ 1-0